cohdb
Replays
Latest Replays
All Replays
Popular Replays
Top Player Replays
Match Explorer
How It Works
Community
CoH3 Stats
Reddit
Sign in to upload your games and track your stats! →
Sign in with Steam
Match 41540163
Unlisted
Match 41540163
Overview
Messages
Build Orders
End
Construct Barracks
Selects Advanced Infantry Battlegroup
M1 Mortar Team
Riflemen Squad
Riflemen Squad
Grenade Package
Riflemen Squad
Mechanized Support Center
Selects Convert to Ranger Squad
Convert to Ranger Squad
Construct Weapon Support Center
M3 Armored Personnel Carrier
Selects Frontline Medical Station
Frontline Medical Station
M3 Armored Personnel Carrier
Convert to Ranger Squad
Construct Tank Depot
soy_migueleitro
MR.DOGO-YT
Abazur
Manny Calavera
Commandant Lassard
Waffles
Chicken Tikka Masala
okasyouzan
0
0
Comments
sign in to comment!
No comments posted yet!